 Dungeon Crawl Stone Soup version 0.28-b1-25-g9875b3fc8c (webtiles) character file.

Game seed: 7086475456271030006

1037 szrap the Summoner (level 8, 0/31 HPs)
             Began as a Felid Summoner on Feb 1, 2022.
             Killed from afar by an orc wizard (2 damage)
             ... with a magic dart
             ... on level 6 of the Dungeon on Feb 2, 2022.
             The game lasted 00:35:26 (9305 turns).

szrap the Summoner (Felid Summoner)                 Turns: 9305, Time: 00:35:27

Health: 0/31       AC:  2    Str:  4    XL:     8   Next: 4%
Magic:  5/13       EV: 17    Int: 18    God:
Gold:   260        SH:  0    Dex: 17    Spells: 4/13 levels left
                                        Lives:  0   Deaths: 2

rFire   . . .      SeeInvis +   (weapon unavailable)
rCold   . . .      Faith    .   (shield unavailable)
rNeg    . . .      Spirit   .   (armour unavailable)
rPois   .          Reflect  .   (helmet unavailable)
rElec   .          Harm     .   (cloak unavailable)
rCorr   .          Rampage  .   (gloves unavailable)
Will    +....                   (boots unavailable)
Stlth   ++........              (no amulet)
HPRegen 0.10/turn               (no ring)
MPRegen 0.13/turn               (no ring)

@: quick
A: very small, claws 1, fangs 3, see invisible, speed 1, shaggy fur 2, stealthy
paws, no weapons or thrown items, no armour, multi-lived
a: no special abilities


You were on level 6 of the Dungeon.
You visited 1 branch of the dungeon, and saw 6 of its levels.

You collected 260 gold pieces.

Inventory:

Jewellery
 b - a ring of poison resistance
Wands
 j - a wand of iceblast (10)
Scrolls
 c - a scroll of teleportation
 h - a scroll of immolation
 k - 2 scrolls of magic mapping {unknown}
Potions
 a - 3 potions of magic
 d - a potion of might
 e - a potion of haste {unknown}
 f - 2 potions of heal wounds
 g - 2 potions of attraction
 i - a potion of ambrosia {unknown}
 l - a potion of mutation {unknown}
 m - 3 potions of curing


   Skills:
 - Level 2.6 Dodging
 - Level 2.6 Stealth
 - Level 3.2 Spellcasting
 - Level 5.0 Hexes
 + Level 10.5 Summonings


You had 4 spell levels left.
You knew the following spells:

 Your Spells              Type           Power      Damage    Failure   Level
a - Summon Small Mammal   Summ           100%       N/A       1%          1
b - Call Imp              Summ           40%        N/A       1%          2
c - Call Canine Familiar  Summ           40%        N/A       1%          3
d - Summon Guardian Gole  Hex/Summ       30%        N/A       1%          3

Your spell library contained the following spells:

 Spells                   Type           Power      Damage    Failure   Level
 Summon Lightning Spire   Summ/Air       21%        N/A       19%         4
 Static Discharge         Conj/Air       2%         N/A       24%         2
 Lightning Bolt           Conj/Air       1%         1d12      99%         5
 Maxwell's Capacitive Co  Air            1%         ∞         100%        8


Dungeon Overview and Level Annotations

Branches:
Dungeon (6/15)
 Temple: D:4-7

Altars:
Ashenzari
Fedhas
Xom

Annotations:
D:6 Grinder, Maggie


Innate Abilities, Weirdness & Mutations

You have sharp claws.
You have razor-sharp teeth.
You have supernaturally acute eyesight. (SInv)
You cover ground quickly. (Speed+)
You are covered in thick fur. (AC +2)
Your paws help you pounce on unaware monsters.
You are incapable of wielding weapons or throwing items.
You cannot wear armour.
You gain extra lives every three experience levels.


Message History

A jelly comes into view.
The orc hits you with a +0 club.
The orc hits your guardian golem with a +0 club.
The jelly quivers.
You scratch the orc.
You kill the orc!
Casting: Summon Guardian Golem (safe; 1% risk of failure)
Confirm with . or Enter, or press ? or * to list all spells.
The orc wizard closely misses you.
The howler monkey completely misses your guardian golem.
You swap places.
The orc wizard hits your hound with a +0 dagger.
The howler monkey hits your guardian golem but does no damage.
Your hound bites the orc wizard.
Casting: Call Canine Familiar (safe; 1% risk of failure)
Confirm with . or Enter, or press ? or * to list all spells.
Your hound disappears in a puff of smoke!
The howler monkey hits your guardian golem but does no damage.
The jelly completely misses you.
The orc wizard gestures at you while chanting.
The magic dart hits you.
You scratch the jelly.
Your paws burn!
The jelly is moderately wounded.
Your wolf bites the jelly.
The acid corrodes your wolf!
Your wolf is burned by acid!
The howler monkey hits your guardian golem but does no damage.
The jelly barely misses you.
You scratch the jelly.
Your paws burn!
The jelly is heavily wounded.
Your wolf completely misses the jelly.
The howler monkey completely misses your guardian golem.
The jelly hits you.
You are splashed with acid!
* * * LOW HITPOINT WARNING * * *
Your wolf bites the jelly!
The jelly dies!
The orc wizard misses you.
The howler monkey hoots and howls with incredible vigour!
The orc wizard casts a spell at you. The magic dart hits you.
You die...

#..# #..<....... ....
#))# ###.####.#. #...
##)# ####.# ....
##.#### #....####..
>... #..§..#
#........... ....
..###.># ##.##########
.... .## ##...####..#
.... .#
##.......####### .)..
.# #####...h@.oo.####
.... .#
........######9ho.####
.#.. .# ....##.##
####....##.### ## ...
#.# ####..).# ###.....
..# ####.# .5.....
#### ..! .##.... ....
## .. o... .o..


You could see a howler monkey (catching breath, ally target), an orc wizard
(invisible, ally target), 2 orcs, a friendly guardian golem (summoned) and a
friendly wolf (summoned, sheltered, corroded).

Vanquished Creatures
  An orc wizard (D:3)
  2 orcs
3 creatures vanquished.

Vanquished Creatures (collateral kills)
  A necrophage (D:5)
  A phantom (D:4)
  A water moccasin zombie (D:5)
  A howler monkey (D:4)
  5 jellies
  A hound (D:3)
  3 orc priests
  A centaur skeleton (D:6)
  Ijyb (D:3)
  An orc wizard (D:5)
  A hound skeleton (D:5)
  A howler monkey skeleton (D:4)
  A gnoll (D:4)
  An adder (D:4)
  A white imp (D:5)
  An adder skeleton (D:4)
  5 worms
  A dart slug (D:5)
  8 orcs
  10 endoplasms
  A giant cockroach (D:2)
  5 goblins
  4 hobgoblins
  6 jackals
  10 kobolds
  4 quokkas
  5 ball pythons
  2 frilled lizards
  2 rats (D:2)
85 creatures vanquished.

Vanquished Creatures (others)
  An orc warrior (D:6)
  An ogre (D:4)
  A centaur (D:6)
  3 scorpions (D:4)
  4 wights (D:6)
  A howler monkey (D:4)
  2 hounds (D:4)
  2 bullfrog skeletons (D:4)
  3 iguanas
  2 orcs (D:5)
  An endoplasm (D:4)
  5 plants (D:5)
26 creatures vanquished.

Grand Total: 114 creatures vanquished

Notes
Turn   | Place    | Note
-------+----------+-------------------------------------------
     0 | D:1      | szrap the Felid Summoner began the quest for the Orb.
     0 | D:1      | Reached XP level 1. HP: 7/7 MP: 4/4
   189 | D:1      | Found a faded altar of an unknown god.
  1293 | D:2      | Reached XP level 2. HP: 11/11 MP: 3/6
  1318 | D:2      | Learned a level 2 spell: Call Imp
  1951 | D:2      | Reached XP level 3. HP: 14/14 MP: 7/7
  1955 | D:2      | Learned a level 3 spell: Call Canine Familiar
  2992 | D:3      | Reached skill level 5 in Summonings
  2992 | D:3      | Reached XP level 4. HP: 18/18 MP: 3/9
  3042 | D:3      | Learned a level 3 spell: Summon Guardian Golem
  3391 | D:3      | Noticed Ijyb
  3426 | D:3      | Killed from afar by an orc wizard
  3427 | D:3      | Reached XP level 3. HP: -4/14 MP: 8/8
  3623 | D:3      | Killed Ijyb
  3624 | D:3      | Reached skill level 1 in Hexes
  3624 | D:3      | Reached XP level 4. HP: 18/18 MP: 6/9
  4123 | D:4      | Reached skill level 6 in Summonings
  4123 | D:4      | Reached XP level 5. HP: 21/21 MP: 7/10
  4669 | D:4      | Gained mutation: You are covered in thick fur. (AC +2)
                  | [Felid growth]
  4669 | D:4      | Reached XP level 6. HP: 24/24 MP: 6/11
  4852 | D:4      | Reached skill level 7 in Summonings
  5167 | D:4      | Found a shimmering altar of Xom.
  5618 | D:4      | Found a blossoming altar of Fedhas.
  5647 | D:4      | Reached XP level 7. HP: 27/27 MP: 12/12
  6310 | D:4      | Reached skill level 8 in Summonings
  6358 | D:5      | Entered Level 5 of the Dungeon
  6465 | D:4      | Reached skill level 5 in Hexes
  7223 | D:5      | Found a broken altar of Ashenzari.
  7492 | D:5      | Killed from afar by an orc priest
  7493 | D:5      | Reached XP level 6. HP: -1/24 MP: 11/11
  7726 | D:5      | Reached skill level 9 in Summonings
  7726 | D:5      | Reached XP level 7. HP: 14/27 MP: 8/12
  8927 | D:6      | Noticed Maggie
  9015 | D:6      | Reached skill level 10 in Summonings
  9062 | D:6      | Noticed Grinder
  9257 | D:6      | Reached XP level 8. HP: 26/31 MP: 11/13
  9305 | D:6      | Killed from afar by an orc wizard

Illustrated notes

Levels and vault maps discovered:
D:1:      scummos_arrival_checkerplants, layout_loops_ring,
          ebering_ecumenical_altar_rust, nicolae_figureground_sparkle
D:2:      layout_basic, minmay_tree_intersection
D:3:      layout_rooms, uniq_ijyb
D:4:      layout_basic, kennysheep_mini_moat, xom_confusion_cloud,
          chequers_serial_rivers_micro_e, hangedman_decor_peaks_small,
          minmay_increasing_density
D:5:      nicolae_cairo_tiling_very_big, layout_loops_cross, ashenzari_altar_1,
          serial_bayou_lagoon_b
D:6:      layout_rooms, temple_statues, minmay_misc_feat_chi, uniq_grinder,
          uniq_maggie

Skill      XL: |  1  2  3  4  5  6  7 |
---------------+----------------------+-----
Spellcasting   | 3 |  3.2
Summonings     | 5 6 9 10 | 10.5
Hexes          | 1 2 3 4 5 |  5.0
Dodging        | |  2.6
Stealth        | |  2.6

Action                   |  1- 3 |  4- 6 |  7- 9 || total
-------------------------+-------+-------+-------++-------
Melee: Unarmed           |     1 |     1 |    17 ||    19
       Bite              |       |       |     1 ||     1
 Cast: Summon Small Mamm |    36 |     1 |       ||    37
       Call Imp          |    20 |     3 |     2 ||    25
       Call Canine Famil |     8 |    17 |    21 ||    46
       Summon Guardian G |       |    10 |    23 ||    33
  Use: Scroll            |     5 |     4 |     4 ||    13
       Potion            |       |     1 |       ||     1
Armor: Skin              |       |    15 |     4 ||    19
Dodge: Dodged            |    19 |    76 |    38 ||   133
